3AA
RICHLAND RAILS @ FT. POLK SOUTH THUNDER HAWKS
08/31/2024
 
TOP OF THE 1ST
Richland Rails batting - Pitching for Ft. Polk South Thunder Hawks : RHP Jim Unknown
Pitching: RHP Jim Unknown
Batting: LHB Randy Schlosser 0-0: Ball
1-0: Ball
2-0: Ball
3-0: Called Strike
3-1: Fly out, F7 (Flyball, 78M)
Batting: RHB Ralph Gilbert 0-0: Called Strike
0-1: Fly out, F8 (Flyball, 8RM)
Batting: RHB Roberto Ríos 0-0: Called Strike
0-1: Ball
1-1: Called Strike
1-2: Strikes out swinging
Top of the 1st over - 0 run(s), 0 hit(s), 0 error(s), 0 left on base; Richland 0 - Ft. Polk South 0
BOTTOM OF THE 1ST
Ft. Polk South Thunder Hawks batting - Pitching for Richland Rails : LHP Bart Gresham
Pitching: LHP Bart Gresham
Batting: RHB Héctor López 0-0: Ball
1-0: Fly out, F7 (Flyball, 7LD)
Batting: RHB Ramón Valdéz 0-0: Foul Ball, location: 2F
0-1: Ball
1-1: Swinging Strike
1-2: Ball
2-2: Foul Ball, location: 2F
2-2: Foul Ball, location: 2F
2-2: Ball
3-2: Base on Balls
Batting: RHB Keith Bane 0-0: Called Strike
0-1: Ball
1-1: Foul Ball, location: 2F
1-2: Foul Ball, location: 2F
1-2: Strikes out swinging
Batting: RHB Iván Hernández 0-0: Ball
Ramón Valdéz is caught stealing 2nd base
Bottom of the 1st over - 0 run(s), 0 hit(s), 0 error(s), 0 left on base; Richland 0 - Ft. Polk South 0
TOP OF THE 2ND
Richland Rails batting - Pitching for Ft. Polk South Thunder Hawks : RHP Jim Unknown
Batting: RHB Jung-hwan Kwon 0-0: Swinging Strike
0-1: Ball
1-1: SINGLE (Groundball, 6MD)
Batting: LHB Roberto Soto 0-0: Ball
1-0: Fly out, F6 (Popup, 6)
Batting: RHB Justin MacPherson 0-0: Ball
1-0: Foul Ball, location: 2F
1-1: Ball
2-1: Ball
3-1: DOUBLE (Flyball, 8LXD)
Jung-hwan Kwon to third
Batting: LHB Jorge Greenbaum 0-0: Fly out, F7 (Flyball, 78S)
Runner from 3rd tags up, SCORES, throw made
Batting: RHB Adrian Rodgers 0-0: Ball
1-0: Foul Ball, location: 2F
1-1: Ball
2-1: Foul Ball, location: 2F
2-2: Foul Ball, location: 2F
2-2: Strikes out swinging
Top of the 2nd over - 1 run(s), 2 hit(s), 0 error(s), 1 left on base; Richland 1 - Ft. Polk South 0
BOTTOM OF THE 2ND
Ft. Polk South Thunder Hawks batting - Pitching for Richland Rails : LHP Bart Gresham
Batting: RHB Iván Hernández 0-0: Swinging Strike
0-1: Ball
1-1: Ball
2-1: Ground out 3-1 (Groundball, 34)
Batting: RHB Manuel Díaz 0-0: Ball
1-0: Called Strike
1-1: Ground out 6-3 (Groundball, 6M)
Batting: RHB David Phipps 0-0: Swinging Strike
0-1: Ball
1-1: Foul Ball, location: 2F
1-2: Strikes out looking
Bottom of the 2nd over - 0 run(s), 0 hit(s), 0 error(s), 0 left on base; Richland 1 - Ft. Polk South 0
TOP OF THE 3RD
Richland Rails batting - Pitching for Ft. Polk South Thunder Hawks : RHP Jim Unknown
Batting: RHB Vicente Cruz 0-0: Foul Ball, location: 2F
0-1: Ground out 6-3 (Groundball, 6)
Batting: LHB Randy Schlosser 0-0: Ball
1-0: Ball
2-0: Fly out, F7 (Line Drive, 78M)
Batting: RHB Ralph Gilbert 0-0: Ball
1-0: Ground out 4-3 (Groundball, 4M)
Top of the 3rd over - 0 run(s), 0 hit(s), 0 error(s), 0 left on base; Richland 1 - Ft. Polk South 0
BOTTOM OF THE 3RD
Ft. Polk South Thunder Hawks batting - Pitching for Richland Rails : LHP Bart Gresham
Batting: RHB Bryan Billings 0-0: Ball
1-0: Called Strike
1-1: Foul Ball, location: 2F
1-2: Ball
2-2: Fly out, F5 (Popup, 5)
Batting: LHB Jim Unknown 0-0: Fly out, F2 (Popup, 2RF)
Batting: RHB Steven Grant 0-0: Ball
1-0: Foul Ball, location: 2F
1-1: Swinging Strike
1-2: Foul Ball, location: 2F
1-2: Ground out 6-3 (Groundball, 6)
Bottom of the 3rd over - 0 run(s), 0 hit(s), 0 error(s), 0 left on base; Richland 1 - Ft. Polk South 0
TOP OF THE 4TH
Richland Rails batting - Pitching for Ft. Polk South Thunder Hawks : RHP Jim Unknown
Batting: RHB Roberto Ríos 0-0: Called Strike
0-1: Swinging Strike
0-2: Ball
1-2: Ball
2-2: Ball
3-2: Foul Ball, location: 2F
3-2: SINGLE (Groundball, 56D)
Batting: RHB Jung-hwan Kwon 0-0: Called Strike
0-1: Ball
1-1: Foul Ball, location: 2F
1-2: Ball
Roberto Ríos is caught stealing 2nd base
2-2: Fly out, F4 (Popup, 9S)
Batting: LHB Roberto Soto 0-0: Called Strike
0-1: Ball
1-1: Ball
2-1: Called Strike
2-2: Strikes out swinging
Top of the 4th over - 0 run(s), 1 hit(s), 0 error(s), 0 left on base; Richland 1 - Ft. Polk South 0
BOTTOM OF THE 4TH
Ft. Polk South Thunder Hawks batting - Pitching for Richland Rails : LHP Bart Gresham
Batting: RHB Héctor López 0-0: Called Strike
0-1: Foul Ball, location: 2F
0-2: SINGLE (Line Drive, 89S)
Batting: RHB Ramón Valdéz 0-0: Called Strike
0-1: Ball
Héctor López is caught stealing 2nd base
1-1: Fly out, F8 (Flyball, 8RD)
Batting: RHB Keith Bane 0-0: Called Strike
0-1: Ball
1-1: Ball
2-1: Ball
3-1: Foul Ball, location: 2F
3-2: SINGLE (Line Drive, 34D)
Batting: RHB Iván Hernández 0-0: Called Strike
0-1: DOUBLE (Line Drive, 5L)
Keith Bane to third
Batting: RHB Manuel Díaz 0-0: Ball
1-0: Ball
2-0: Called Strike
2-1: Ground out 6-3 (Groundball, 6)
Bottom of the 4th over - 0 run(s), 3 hit(s), 0 error(s), 2 left on base; Richland 1 - Ft. Polk South 0
TOP OF THE 5TH
Richland Rails batting - Pitching for Ft. Polk South Thunder Hawks : RHP Jim Unknown
Batting: RHB Justin MacPherson 0-0: Ball
1-0: Called Strike
1-1: Swinging Strike
1-2: Strikes out swinging
Batting: LHB Jorge Greenbaum 0-0: Foul Ball, location: 2F
0-1: Ball
1-1: Ball
2-1: Foul Ball, location: 2F
2-2: Strikes out swinging
Batting: RHB Adrian Rodgers 0-0: DOUBLE (Groundball, 5L)
Batting: RHB Vicente Cruz 0-0: Ground out 4-3 (Groundball, 4)
Top of the 5th over - 0 run(s), 1 hit(s), 0 error(s), 1 left on base; Richland 1 - Ft. Polk South 0
BOTTOM OF THE 5TH
Ft. Polk South Thunder Hawks batting - Pitching for Richland Rails : LHP Bart Gresham
Batting: RHB David Phipps 0-0: Swinging Strike
0-1: Swinging Strike
0-2: Foul Ball, location: 2F
0-2: Ball
1-2: Ball
2-2: Strikes out looking
Batting: RHB Bryan Billings 0-0: Foul Ball, location: 2F
0-1: Swinging Strike
0-2: Ball
1-2: Strikes out swinging
Batting: LHB Jim Unknown 0-0: Ball
1-0: Ball
2-0: Ball
3-0: Base on Balls
Batting: RHB Steven Grant 0-0: Ball
1-0: Ball
2-0: Called Strike
2-1: Foul Ball, location: 2F
2-2: Foul Ball, location: 2F
2-2: Fly out, F8 (Flyball, 8RD)
Bottom of the 5th over - 0 run(s), 0 hit(s), 0 error(s), 1 left on base; Richland 1 - Ft. Polk South 0
TOP OF THE 6TH
Richland Rails batting - Pitching for Ft. Polk South Thunder Hawks : RHP Jim Unknown
Batting: LHB Randy Schlosser 0-0: Bunt for hit - play at first, batter OUT! 2-3
Batting: RHB Ralph Gilbert 0-0: Ground out 4-3 (Groundball, 34)
Batting: RHB Roberto Ríos 0-0: Ball
1-0: TRIPLE (Line Drive, 9LM)
Batting: RHB Jung-hwan Kwon 0-0: Called Strike
0-1: Ground out 2-3 (Groundball, 2L)
Top of the 6th over - 0 run(s), 1 hit(s), 0 error(s), 1 left on base; Richland 1 - Ft. Polk South 0
BOTTOM OF THE 6TH
Ft. Polk South Thunder Hawks batting - Pitching for Richland Rails : LHP Bart Gresham
Batting: RHB Héctor López 0-0: Foul Ball, location: 2F
0-1: Ball
1-1: Foul Ball, location: 2F
1-2: Ground out 5-3 (Groundball, 6)
Batting: RHB Ramón Valdéz 0-0: Ball
1-0: SINGLE (Groundball, 6MD)
Batting: RHB Keith Bane 0-0: Called Strike
0-1: Swinging Strike
0-2: Strikes out looking
Ramón Valdéz steals 2nd base
Batter strikes out.
Batting: RHB Iván Hernández 0-0: Ball
1-0: Ball
2-0: Called Strike
2-1: Ball
Wild Pitch!
Ramón Valdéz to third
3-1: Base on Balls
Pitching: RHP Adrián Muńíz
Batting: RHB Manuel Díaz 0-0: Ball
1-0: SINGLE (Line Drive, 6M)
Ramón Valdéz scores
Iván Hernández to second
Batting: RHB David Phipps 0-0: Ball
1-0: Ground out 5-3 (Groundball, 5S)
Bottom of the 6th over - 1 run(s), 2 hit(s), 0 error(s), 2 left on base; Richland 1 - Ft. Polk South 1
TOP OF THE 7TH
Richland Rails batting - Pitching for Ft. Polk South Thunder Hawks : RHP Jim Unknown
Batting: LHB Roberto Soto 0-0: Ball
1-0: Ground out 4-3 (Groundball, 4S)
Pinch Hitting: LHB Chris Stoltzfus 0-0: Called Strike
0-1: Foul Ball, location: 2F
0-2: Ball
1-2: Strikes out swinging
Batting: LHB Jorge Greenbaum 0-0: Called Strike
0-1: Ball
1-1: Foul Ball, location: 2F
1-2: Hit by Pitch
Batting: RHB Adrian Rodgers 0-0: Called Strike
0-1: Foul Ball, location: 2F
0-2: Ground out U3 (Groundball, 3S)
Top of the 7th over - 0 run(s), 0 hit(s), 0 error(s), 1 left on base; Richland 1 - Ft. Polk South 1
BOTTOM OF THE 7TH
Ft. Polk South Thunder Hawks batting - Pitching for Richland Rails : RHP Adrián Muńíz
Now at 2B: Kazu Hishida
Pinch Hitting: LHB Jim Unknown 0-0: Ball
1-0: Fly out, F6 (Line Drive, 6MD)
Batting: LHB Jim Unknown 0-0: Called Strike
0-1: Ball
1-1: Called Strike
1-2: SOLO HOME RUN (Flyball, 89XD), Distance : 389 ft
Batting: RHB Steven Grant 0-0: Ball
1-0: Ball
2-0: Ball
3-0: Called Strike
3-1: Base on Balls
Pinch Hitting: SHB Bill Peterson 0-0: Ball
1-0: Called Strike
1-1: Ball
2-1: Fly out, F6 (Line Drive, 6D)
Batting: RHB Ramón Valdéz 0-0: Called Strike
0-1: Ball
1-1: Foul Ball, location: 2F
1-2: Ball
2-2: Strikes out looking
Bottom of the 7th over - 1 run(s), 1 hit(s), 0 error(s), 1 left on base; Richland 1 - Ft. Polk South 2
TOP OF THE 8TH
Richland Rails batting - Pitching for Ft. Polk South Thunder Hawks : RHP Jim Unknown
Now at SS: Jesús Hernández
Now in LF: Jim Unknown
Batting: RHB Vicente Cruz 0-0: Ball
1-0: Foul Ball, location: 2F
1-1: Swinging Strike
1-2: Foul Ball, location: 2F
1-2: Fly out, F5 (Popup, 25)
Batting: LHB Randy Schlosser 0-0: Fly out, F6 (Popup, 6D)
Batting: RHB Ralph Gilbert 0-0: Called Strike
0-1: Ball
1-1: Called Strike
1-2: Ball
2-2: Hit by Pitch
Pinch Runner at 1st Júlio Hernández:
Pinch Hitting: SHB Jasper Otto 0-0: Called Strike
0-1: Swinging Strike
0-2: Foul Ball, location: 2F
0-2: Fly out, F7 (Flyball, 7LSF)
Top of the 8th over - 0 run(s), 0 hit(s), 0 error(s), 1 left on base; Richland 1 - Ft. Polk South 2
BOTTOM OF THE 8TH
Ft. Polk South Thunder Hawks batting - Pitching for Richland Rails : RHP Adrián Muńíz
Now at 1B: Jack Davis
Now in RF: Júlio Hernández
Batting: RHB Keith Bane 0-0: Fly out, F7 (Flyball, 7S)
Batting: RHB Iván Hernández 0-0: Foul Ball, location: 2F
0-1: Foul Ball, location: 2F
0-2: Ball
1-2: Foul Ball, location: 2F
1-2: Strikes out looking
Batting: RHB Manuel Díaz 0-0: Foul Ball, location: 2F
0-1: Fly out, F9 (Flyball, 89S)
Bottom of the 8th over - 0 run(s), 0 hit(s), 0 error(s), 0 left on base; Richland 1 - Ft. Polk South 2
TOP OF THE 9TH
Richland Rails batting - Pitching for Ft. Polk South Thunder Hawks : RHP Jim Unknown
Pitching: RHP Jim Unknown
Batting: RHB Jung-hwan Kwon 0-0: Foul Ball, location: 2F
0-1: Foul Ball, location: 2F
0-2: Fly out, F3 (Popup, 3S)
Batting: LHB Roberto Soto 0-0: Ball
1-0: Ball
2-0: Foul Ball, location: 2F
2-1: Foul Ball, location: 2F
2-2: Strikes out looking
Batting: RHB Kazu Hishida 0-0: Swinging Strike
0-1: Ball
1-1: Ball
2-1: Swinging Strike
2-2: Ball
3-2: Foul Ball, location: 2F
3-2: Strikes out looking
Top of the 9th over - 0 run(s), 0 hit(s), 0 error(s), 0 left on base; Richland 1 - Ft. Polk South 2
This league is powered by Out of the Park Baseball, the baseball management simulation game for PC, Mac and Linux
Monday, October 3rd, 2016 - OOTP Baseball 16.9 Build 39